 Dungeon Crawl Stone Soup version 0.22-a0-514-g96ba041d05 (webtiles) character file.

30 Ireaine the Poker (level 3, -1/29 HPs)
             Began as a Merfolk Berserker on June 19, 2018.
             Was a Follower of Trog.
             Slain by an iguana (5 damage)
             ... on level 2 of the Dungeon.
             The game lasted 00:02:27 (1422 turns).

Ireaine the Poker (Merfolk Berserker)               Turns: 1422, Time: 00:02:27

Health: -1/29      AC:  2    Str: 18    XL:     3   Next: 18%
Magic:  3/3        EV: 13    Int:  6    God:    Trog [*.....]
Gold:   53         SH:  0    Dex: 13    Spells: 2/2 levels left

rFire    . . .     SeeInvis .   a - +0 spear
rCold    . . .     Gourm    .   (no shield)
rNeg     . . .     Faith    .   b - +0 animal skin
rPois    .         Spirit   .   (no helmet)
rElec    .         Reflect  .   (no cloak)
rCorr    .         Harm     .   (no gloves)
MR       .....                  (no boots)
Stlth    +.........             (no amulet)
HPRegen  0.09/turn              (no ring)
MPRegen  0.08/turn              (no ring)

@: no status effects
A: change form in water, swift swim, stealthy swim
a: Berserk, Renounce Religion


You were on level 2 of the Dungeon.
You worshipped Trog.
Trog was aware of your devotion.
You were hungry.

You visited 1 branch of the dungeon, and saw 2 of its levels.

You collected 53 gold pieces.

Inventory:

Hand Weapons
 a - a +0 spear (weapon)
Armour
 b - a +0 animal skin (worn)
Potions
 d - 2 potions of might
 e - a potion of agility {unknown}
 f - 3 potions of heal wounds
 g - a potion of degeneration {unknown}
Comestibles
 c - 4 rations


   Skills:
 + Level 3.5 Fighting
 * Level 5.2 Polearms
 + Level 1.7 Armour
 + Level 3.2 Dodging


You had 2 spell levels left.
You didn't know any spells.
Your spell library was empty.

Dungeon Overview and Level Annotations

Branches:
Dungeon (2/15)

Altars:


Message History

The iguana is moderately wounded.
The iguana closely misses you.
You hit the iguana but do no damage.
The iguana is moderately wounded.
The iguana bites you!
You hit the iguana but do no damage.
The iguana is moderately wounded.
The iguana bites you!
* * * LOW HITPOINT WARNING * * *
You are too injured to fight recklessly!
You are too injured to fight recklessly!
You are too injured to fight recklessly!
You are too injured to fight recklessly!
You are too injured to fight recklessly!
You hit the iguana but do no damage.
The iguana is moderately wounded.
You hit the iguana but do no damage.
The iguana is moderately wounded.
The iguana bites you.
You die...

## ..# ############.# .
.....sl@...#.# .#
.####.####.#.# .# #.#....#.#
.# .#.####.## .# .#.......#
.#############.######..#
.......................#######
.........##..[#######.........
....(....####.### #.#######.


You could see an iguana and a giant cockroach.

Vanquished Creatures
  2 dart slugs (D:1)
  2 leopard geckos
  2 giant cockroaches (D:1)
  A goblin (D:1)
  3 hobgoblins (D:1)
  2 jackals (D:1)
  A quokka (D:2)
  A bat (D:1)
  2 frilled lizards
  4 kobolds
  A rat (D:2)
21 creatures vanquished.

Notes
Turn   | Place    | Note
-------+----------+-------------------------------------------
     0 | D:1      | Ireaine the Merfolk Berserker began the quest for the Orb.
     0 | D:1      | Reached XP level 1. HP: 18/18 MP: 1/1
   139 | D:1      | Reached XP level 2. HP: 20/24 MP: 2/2
   591 | D:1      | Reached skill level 5 in Polearms
   963 | D:1      | Reached XP level 3. HP: 23/29 MP: 3/3
  1422 | D:2      | Slain by an iguana

Vault maps used:
D:1:      ebering_trefoil_3fold, grunt_decor_resistance, minivault_19
D:2:      first_ration, serial_bayou_pond_c, roderic_lattice_a, st_stairs_12

Skill      XL: |  1  2 |
---------------+-------+-----
Dodging        | 3 |  3.2
Polearms       | 5 |  5.2
Fighting       | |  3.5
Armour         | |  1.7

Action                   || total
-------------------------++-------
Melee: Spear             ||    92
  Use: Scroll            ||     5
  Eat: Chunk             ||     1
Armor: Animal skin       ||     7
Dodge: Dodged            ||    36

Table legend:
 A = Spawn XP
 B = Non-spawn XP
 C = Spawn XP percentage of total XP
 D = Spawn monster count
 E = Non-spawn monster count
 F = Spawn count percentage of total count
 G = Total turns spent on level
                    A         B        C        D         E        F      G
               +---------+---------+-------+---------+---------+-------+---------
         Total |       0 |      43 |   0.0 |       0 |      21 |   0.0 |  1422
               +---------+---------+-------+---------+---------+-------+---------
           D:1 |       0 |      34 |   0.0 |       0 |      16 |   0.0 |  1157
           D:2 |       0 |       9 |   0.0 |       0 |       5 |   0.0 |   265
               +---------+---------+-------+---------+---------+-------+---------
